 Dungeon Crawl Stone Soup version 0.19-a0-97-g21dea92 (webtiles) character file.

164 wvc the Chiller (level 5, 0/37 HPs)
             Began as a Vine Stalker Ice Elementalist on May 16, 2016.
             Slain by Purgy (2 damage)
             ... in a sewer.
             The game lasted 00:09:14 (1993 turns).

wvc the Chiller (Vine Stalker Ice Elementalist)     Turns: 1993, Time: 00:09:15

Health: 0/37       AC: 28    Str: 11    XL:     5   Next: 45%
Magic:  0/10       EV:  2    Int: 16    God:
Gold:   118        SH:  0    Dex: 14    Spells: 4 memorised, 0 levels left

rFire  . . .     SeeInvis .     g - +0 dagger (elec)
rCold  . . .     Gourm    .     (armour currently unavailable)
rNeg   + + +     Faith    .     (no shield)
rPois  +         Spirit   +     (helmet currently unavailable)
rElec  .         Dismiss  .     (cloak currently unavailable)
rCorr  .         Reflect  .     (gloves currently unavailable)
SustAt .         Harm     .     (boots currently unavailable)
MR     .....     NoTele   +     (no amulet)
Stlth  +++.......               (no ring)
                                (no ring)

@: icy armour, tree-form, very slightly contaminated, slow, not resistant to
hostile enchantments, fairly stealthy
A: (fangs 0), regeneration 1, magic shield, (antimagic bite), no device heal 3,
rot immunity
a: no special abilities


You were in a sewer.
You were hungry.
You were a tree.
You visited 1 branch of the dungeon, and saw 3 of its levels.
You also visited: Sewer.

You collected 118 gold pieces.

Inventory:

Hand Weapons
 e - a +0 club
 g - a +0 dagger of electrocution (weapon)
 m - a +0 mace
 q - a +0 rapier
Armour
 a - a +0 robe
 l - a +1 leather armour (melded)
Scrolls
 o - 2 scrolls of recharging
Potions
 d - 2 potions of heal wounds
 j - a potion of flight
 r - a potion of agility {unknown}
 s - 2 potions of curing {unknown}
Books
 b - a book of Frost

   Spells                             Type                      Level
   a - Freeze                         Ice                          1
   b - Throw Frost                    Conjuration/Ice              2
   c - Ozocubu's Armour               Charms/Ice                   3
   d - Throw Icicle                   Conjuration/Ice              4
   e - Summon Ice Beast               Ice/Summoning                4
Miscellaneous
 n - a plain deck of summoning
Comestibles
 c - 3 bread rations
 f - a slice of pizza


   Skills:
 - Level 1.2 Fighting
 + Level 0.1 Armour
 - Level 1.5 Dodging
 - Level 2.4 Stealth
 + Level 3.2 Spellcasting
 + Level 1.2 Conjurations
 * Level 5.0 Ice Magic


You couldn't memorise any spells.
You knew the following spells:

 Your Spells              Type           Power        Failure   Level  Hunger
a - Freeze                Ice            ###.         2%          1    None
b - Throw Frost           Conj/Ice       ##....       10%         2    ##.....
c - Ozocubu's Armour      Chrm/Ice       ##......     21%         3    ###....
d - Summon Ice Beast      Ice/Summ       ##......     75%         4    ####...


Dungeon Overview and Level Annotations

Branches:
Dungeon (3/15)

Altars:
Nemelex Xobeh
Okawaru

Annotations:
D:2 exclusion: 2 upstairs
D:3 Sigmund Sewer Purgy


Innate Abilities, Weirdness & Mutations

((You have extremely sharp teeth.))
Your natural rate of healing is unusually fast.
When hurt, damage is shared between your health and your magic reserves.
((Your bite disrupts and absorbs the magic of your enemies.))
Potions and wands cannot restore your health.
You are immune to rotting.


Message History

It was a potion of flight.
You feel very buoyant.
You fly up into the air.
Purgy bites you.
* * * LOW HITPOINT WARNING * * *
Purgy claws you but does no damage. Purgy closely misses you.
Drink which item? (? for menu, Esc to quit)
It was a potion of lignification.
You turn into a tree.
Your +1 leather armour melds into your body.
Your roots penetrate the ground.
Purgy bites you but does no damage. Purgy claws you but does no damage. x2
You hit Purgy.
Purgy is heavily wounded.
Purgy bites you but does no damage. Purgy claws you but does no damage. x2
You closely miss Purgy.
Purgy is moderately wounded.
Purgy bites you but does no damage. Purgy claws you but does no damage. x2
You closely miss Purgy.
Purgy is moderately wounded.
Purgy bites you.
You die...

###### #(##∩#
#T##.#
#+##+##♣##.##+##+#
#.................
#≈≈≈≈≈≈≈≈≈.≈≈≈≈≈≈≈
#≈≈≈≈≈≈≈≈≈∩≈≈≈≈≈≈≈
#≈≈≈≈≈≈≈≈≈.≈≈≈≈≈≈≈
#.................
#+##+##+##+##+##+#


You could see Purgy.

Vanquished Creatures
  An orc wizard (D:3)
  Natasha (D:3)
  Terence (D:3)
  A gnoll (D:3)
  3 adders
  3 dart slugs
  A worm (D:2)
  2 giant geckos
  An orc (D:3)
  4 giant cockroaches
  6 goblins
  4 hobgoblins
  3 bats
  6 giant newts
  2 kobolds
  9 rats
48 creatures vanquished.

Notes
Turn   | Place    | Note
--------------------------------------------------------------
     0 | D:1      | wvc the Vine Stalker Ice Elementalist began the quest for the Orb.
     0 | D:1      | Reached XP level 1. HP: 9/9 MP: 4/4
   184 | D:1      | Reached XP level 2. HP: 8/14 MP: 1/6
   377 | D:1      | Learned a level 2 spell: Throw Frost
   436 | D:1      | Found a sparkling altar of Nemelex Xobeh.
   605 | D:2      | Reached XP level 3. HP: 11/17 MP: 0/7
   650 | D:2      | Learned a level 3 spell: Ozocubu's Armour
  1164 | D:2      | Reached skill level 4 in Ice Magic
  1257 | D:2      | Reached skill level 1 in Fighting
  1389 | D:3      | Reached XP level 4. HP: 22/22 MP: 0/9
  1534 | D:3      | Noticed Terence
  1546 | D:3      | Killed Terence
  1626 | D:3      | Noticed Sigmund
  1640 | D:3      | Noticed Natasha
  1821 | D:3      | Reached XP level 5. HP: 25/25 MP: 6/10
  1825 | D:3      | Killed Natasha
  1920 | D:3      | Reached skill level 5 in Ice Magic
  1930 | D:3      | Found an iron altar of Okawaru.
  1952 | D:3      | Found a glowing drain.
  1970 | Sewer    | Entered a sewer
  1976 | Sewer    | Learned a level 4 spell: Summon Ice Beast
  1980 | Sewer    | Noticed Purgy
  1989 | Sewer    | HP: 1/25 [Purgy (3)]
  1993 | Sewer    | Slain by Purgy

Vault maps used:
D:1:      dpeg_arrival_line_fractal, nemelex_deck
D:3:      marbit_many_paths, minitemple, portal_sewer_entry_b,
          gammafunk_pakellas_statue_experiment, uniq_terence, uniq_natasha,
          uniq_sigmund
Sewer:    kennysheep_door_sewer

Skill      XL: |  1  2  3  4  5 |
---------------+----------------+-----
Ice Magic      | 4 5 |  5.0
Fighting       | 1 |  1.2
Spellcasting   | 3 |  3.2
Armour         | |  0.1
Dodging        | |  1.5
Stealth        | |  2.4
Conjurations   | |  1.2

Action                   |  1- 3 |  4- 6 || total
-------------------------+-------+-------++-------
Melee: Unarmed           |     1 |       ||     1
       Rapier            |    10 |    18 ||    28
       Bite              |       |     7 ||     7
       Dagger            |       |    11 ||    11
Throw: Throwing net      |       |     4 ||     4
 Cast: Freeze            |    50 |    22 ||    72
       Ozocubu's Armour  |     1 |     3 ||     4
       Throw Frost       |     1 |       ||     1
  Use: Scroll            |       |     5 ||     5
       Potion            |       |     2 ||     2
 Stab: Sleeping          |     1 |     2 ||     3
  Eat: Chunk             |     2 |     2 ||     4
Armor: Leather armour    |     6 |    12 ||    18
       Skin              |       |     9 ||     9
Dodge: Dodged            |    20 |    34 ||    54
